 Seeded DCSS version 0.31-a0-277-g31ea1f65cc (webtiles) character file.

Game seed: 14215367866634240820 (custom seed)

56 innerfire43 the Chopper (level 3, -1/29 HPs)
             Began as a Demonspawn Monk on July 15, 2023.
             Slain by a gnoll
             ... wielding a +0 spear
              (6 damage)
             ... on level 2 of the Dungeon.
             The game lasted 00:01:42 (1083 turns).

innerfire43 the Chopper (Demonspawn Monk)           Turns: 1083, Time: 00:01:43

Health: -1/29      AC:  5    Str: 13    XL:     3   Next: 69%
Magic:  3/3        EV: 13    Int: 11    God:
Gold:   55         SH:  0    Dex: 15    Spells: 2/2 levels left

rFire   . . .        a - +0 hand axe
rCold   . . .        d - orb {light}
rNeg    . . .        b - +0 robe
rPois   .            j - +2 helmet
rElec   .            (no cloak)
rCorr   .            (no gloves)
SInv    .            (no boots)
Will    .....        (no amulet)
Stlth   +            (no ring)
HPRegen 0.24/turn    (no ring)
MPRegen 0.08/turn

%: no passive effects
@: glowing
A: demonic guardian 1
a: no special abilities


You were on level 2 of the Dungeon.
You visited 1 branch of the dungeon, and saw 2 of its levels.

You collected 55 gold pieces.

Inventory:

Hand Weapons
 a - a +0 hand axe (weapon)
Missiles
 g - a silver javelin (quivered)
Armour
 b - a +0 robe (worn)
 d - an orb of light (worn)
 j - a +2 helmet (worn)
Scrolls
 c - a scroll of fog {unknown}
 e - a scroll of enchant weapon {unknown}
 i - a scroll of amnesia {unknown}
Potions
 f - a potion of curing {unknown}
 h - a potion of ambrosia


   Skills:
 + Level 3.4 Fighting
 * Level 3.6 Axes
 + Level 3.1 Dodging


You had 2 spell levels left.
You didn't know any spells.
Your spell library was empty.

Dungeon Overview and Level Annotations

Branches:
Dungeon (2/15)

Altars:


Innate Abilities, Weirdness & Mutations

A weak demonic guardian rushes to your aid.


Message History

The gnoll shouts! x3
There are monsters nearby!
There are monsters nearby!
The gnoll hits you with a +0 club. The gnoll misses you.
You throw a silver javelin.
The silver javelin hits the gnoll and shatters for extra damage!
You kill the gnoll!
The gnoll barely misses you. The gnoll closely misses you.
The gnoll hits you from afar with a +0 spear.
The gnoll hits you with a +0 club. The gnoll attacks as you move away!
The gnoll closely misses you.
You throw a silver javelin.
The silver javelin hits the gnoll and shatters for extra damage.
The gnoll is lightly wounded.
You throw a silver javelin.
The silver javelin completely misses the gnoll.
The gnoll hits you from afar with a +0 spear.
The gnoll hits you with a +0 club. The gnoll barely misses you.
The gnoll hits you with a +0 club.
* * * LOW HITPOINT WARNING * * *
You are too injured to fight recklessly!
You are too injured to fight recklessly!
You hit the gnoll.
The gnoll is lightly wounded.
The gnoll barely misses you. x2
You barely miss the gnoll.
The gnoll is lightly wounded.
The gnoll hits you with a +0 club.
* * * LOW HITPOINT WARNING * * *
A demonic guardian appears!
The gnoll misses you.
Throw: 2 javelins (silver)
Press: ? - help, Q - select action Shift-Dir - straight line, f - gnoll, p - gnoll
Aim: a gnoll, wielding a +0 club (haloed, 80% to hit)
You throw a silver javelin.
The silver javelin pierces through the gnoll.
The gnoll is heavily wounded.
The silver javelin pierces through the gnoll!
The gnoll is almost dead.
The gnoll hits you from afar with a +0 spear.
You die...

########
..(.... .....
##### ....
#....##..##
#....##g..#
###.....#g# #
#.......#.#.##
#......@g.(#
##..........#
##.......5...#
#
##......#####.#
## ###.......#
..#
.####....#....#
.#
......#...#####
.#
...........##
#...........#


You could see 3 gnolls and a friendly white imp (summoned).

Vanquished Creatures
  A gnoll (D:2)
  A dart slug (D:1)
  3 ball pythons (D:1)
  5 endoplasms
  A giant cockroach (D:1)
  4 goblins
  3 hobgoblins
  6 jackals (D:1)
  2 kobolds (D:1)
  4 quokkas (D:1)
  3 bats
  2 frilled lizards (D:1)
  2 rats (D:1)
37 creatures vanquished.

Notes
Turn   | Place    | Note
-------+----------+-------------------------------------------
     0 | D:1      | innerfire43 the Demonspawn Monk began the quest for the
                  | Orb.
     0 | D:1      | Reached XP level 1. HP: 18/18 MP: 1/1
    58 | D:1      | Gained mutation: A weak demonic guardian rushes to your
                  | aid. [demonic ancestry]
    58 | D:1      | Reached XP level 2. HP: 24/24 MP: 2/2
   432 | D:1      | Reached XP level 3. HP: 23/29 MP: 3/3
  1083 | D:2      | Slain by a gnoll

Illustrated notes

Levels and vault maps discovered:
D:1:      dpeg_arrival_castle, layout_basic, serial_forest,
          infiniplex_forest_straight_2, infiniplex_forest_straight_3,
          infiniplex_forest_clump_double, infiniplex_forest_lined_1,
          infiniplex_forest_clump_small, infiniplex_forest_straight_2,
          infiniplex_forest_lined_3_way
D:2:      layout_rooms

Skill      XL: |  1  2 |
---------------+-------+-----
Axes           | 3 |  3.6
Dodging        | 3 |  3.1
Fighting       | |  3.4

Action                     || total
---------------------------++-------
  Melee: Hand axe          ||    85
  Throw: Javelin           ||     4
    Use: Potion            ||     1
   Stab: Sleeping          ||     1
 Armour: Robe              ||    23
  Dodge: Dodged            ||    96

Table legend: (Time is in decaauts)
 A = Elapsed time spent in this place.
 B = Non-inter-level travel time spent in this place.
 C = Inter-level travel time spent in this place.
 D = Time resting spent in this place.
 E = Time spent auto-exploring this place.
 F = Levels seen in this place.
 G = Mean time per level.
                   A        B        C        D        E       F      G
               +--------+--------+--------+--------+--------+-----+--------+
         Total |   1103 |   1026 |     77 |      0 |    811 |   2 |  551.5 |
       Dungeon |   1103 |   1026 |     77 |      0 |    811 |   2 |  551.5 |
               +--------+--------+--------+--------+--------+-----+--------+

Top non-repeatable levels by time:
     D:1: 983 daAuts
     D:2: 120 daAuts
